[Event "Team 45 45 League T70"]
[Site "Internet Chess Club"]
[Date "2016.09.17"]
[Round "2"]
[White "ausya"]
[Black "LookImYourVader"]
[Result "0-1"]
[WhiteElo "1669"]
[BlackElo "1772"]
[Opening "Caro-Kann: Panov-Botvinnik attack, 5...e6"]
[ECO "B14"]
[Time "13:00:40"]
[TimeControl "2700+45"]

1. e4 c6 2. d4 d5 3. exd5 cxd5 4. c4 Nf6 5. Nc3 e6 6. Nf3 Bb4 7. Bd3 dxc4 8.
Bxc4 O-O 9. O-O a6 10. Qd3 b5 11. Bb3 Bb7 12. Rd1 Bxc3 13. bxc3 Nbd7 14. a4 Qb6
15. axb5 axb5 16. Ba3 Rfd8 17. Bb4 Bd5 18. Nd2 Rxa1 19. Rxa1 Ra8 20. Rxa8+ Bxa8
21. f3 Bd5 22. Kh1 Qa6 23. Qb1 Bxb3 24. Nxb3 Nd5 25. h3 Nxb4 26. cxb4 Qd6 27.
Qe1 g6 28. Qc3 Qd5 29. Nc5 Nf6 30. Kg1 Nh5 31. Ne4 Kg7 32. Qc5 Nf4 33. Nc3 Qa8
34. Nxb5 Qa1+ 35. Kh2 Nd3 36. Qc4 Qd1 37. Na3 Qd2 38. b5 Nf4 39. Qc2 Qxd4 40.
Nc4 Nd5 41. Qb2 Qxb2 42. Nxb2 Nb6 43. Kg3 e5 44. Kf2 Kf6 45. Ke3 Ke6 46. g3 f5
47. Nd3 Nd5+ 48. Kd2 Kd6 49. Nf2 Nc7 50. b6 Nd5 51. b7 Kc7 52. Kd3 Kxb7 53. g4
Kc6 54. gxf5 gxf5 55. h4 Nf4+ 56. Kc4 h5 57. Nh1 Ng2 58. Ng3 Nxh4 59. Nxh5 Nxf3
60. Ng3 Nh4 61. Ne2 Kd6 62. Ng3 Ke6 63. Kd3 Ng6 64. Ke2 Ne7 65. Kf3 Nc8 66. Nh5
Nb6 67. Ke3 Nd5+ 68. Kf3 e4+ 69. Ke2 f4 70. Ng7+ Ke5 71. Nh5 Kd4 72. Ke1 Ke3 73.
Ng7 Kf3 74. Nf5 Ne3 75. Nd4+ Kg4 76. Kf2 Nf5 77. Nc2 e3+ 78. Kf1 f3 79. Ne1 Ng3+
80. Kg1 f2+ 81. Kg2 f1=Q+ {White resigns} 0-1

[Event "Team 45 45 League T70"]
[Site "Internet Chess Club"]
[Date "2016.09.15"]
[Round "2"]
[White "OzymandiasVII"]
[Black "Elton2013"]
[Result "0-1"]
[WhiteElo "1608"]
[BlackElo "1765"]
[Opening "Old Benoni defense"]
[ECO "A46"]
[Time "17:01:16"]
[TimeControl "2700+45"]

1. d4 Nf6 2. Nf3 c5 3. d5 d6 4. c4 e6 5. Nc3 exd5 6. Nxd5 Nxd5 7. cxd5 g6 8. Bg5
Qa5+ 9. Qd2 Qxd2+ 10. Bxd2 Bg7 11. Bc3 O-O 12. e4 a6 13. a4 Re8 14. Nd2 f5 15.
f3 fxe4 16. fxe4 Nd7 17. Bxg7 Kxg7 18. Be2 Nf6 19. Bd3 Nxd5 20. O-O Nb4 21. Bc4
Be6 22. b3 Bxc4 23. bxc4 Rf8 24. e5 dxe5 25. Ne4 b6 26. a5 Rxf1+ 27. Kxf1 Nc2
28. Ra2 Ne3+ 29. Kf2 Nxc4 30. axb6 Nxb6 31. Nxc5 a5 32. Ke3 Kf6 33. Ke4 a4 34.
Rf2+ Ke7 35. Kxe5 a3 36. Ra2 Rd8 37. Ne4 Nc4+ 38. Kf4 Rd4 39. Kf3 Rd3+ 40. Kf4
h6 41. h4 Rb3 42. g4 Rb2 43. Ra1 Ke6 44. Nc5+ Kd5 45. Nd3 Rd2 46. Nb4+ Kc5 47.
Na6+ Kd4 48. Nc7 Kc3 49. Nb5+ Kb2 50. Nxa3 Kxa1 51. Nxc4 Rd4+ {White resigns}
0-1

[Event "Team 45 45 League T70"]
[Site "Internet Chess Club"]
[Date "2016.09.16"]
[Round "2"]
[White "Yedixon"]
[Black "modiglani"]
[Result "0-1"]
[WhiteElo "1738"]
[BlackElo "1763"]
[Opening "Scandinavian (center counter) defense"]
[ECO "B01"]
[Time "11:38:17"]
[TimeControl "2700+45"]

1. e4 d5 2. f3 dxe4 3. fxe4 e5 4. Nf3 Nc6 5. Bb5 Bg4 6. Bxc6+ bxc6 7. O-O Bc5+
8. Kh1 Nf6 9. d3 Qd6 10. Nbd2 O-O-O 11. Nc4 Qe7 12. Bg5 h6 13. Bxf6 gxf6 14. h3
h5 15. a3 Qe6 16. Qd2 Bxf3 17. Rxf3 Qxc4 18. Rxf6 Be7 19. Rf5 Qxe4 20. Raf1 Qd5
21. Rxf7 Rhf8 22. Rxf8 Rxf8 23. Rxf8+ Bxf8 24. Qg5 Qf7 25. Kh2 Bd6 {White
resigns} 0-1

[Event "Team 45 45 League T70"]
[Site "Internet Chess Club"]
[Date "2016.09.20"]
[Round "2"]
[White "Harmonicus"]
[Black "roji"]
[Result "0-1"]
[WhiteElo "1926"]
[BlackElo "1851"]
[Opening "Caro-Kann: anti-Caro-Kann defense"]
[ECO "B10"]
[Time "16:38:04"]
[TimeControl "2700+45"]

1. e4 c6 2. c4 e5 3. Nf3 Qc7 4. Nc3 Nf6 5. d4 d6 6. Be2 Be7 7. O-O O-O 8. Re1
Bg4 9. h3 Bh5 10. Qc2 Nbd7 11. d5 a5 12. Nh4 Bg6 13. Nxg6 hxg6 14. Bf3 Nh7 15.
b3 f5 16. Ba3 Ng5 17. Qd3 Nxf3+ 18. Qxf3 Rf6 19. Re2 Raf8 20. Rd1 c5 21. Bc1 f4
22. a4 g5 23. Kf1 Rh6 24. Ke1 Nf6 25. Kd2 Qd7 26. Kc2 g4 27. hxg4 Nxg4 28. Ree1
Nh2 29. Qe2 Bg5 30. f3 Bh4 31. Rg1 Bg3 32. Bd2 Qe7 33. Be1 Qg5 34. Nb5 Bxe1 35.
Qxe1 b6 36. Nc7 Rff6 37. Na8 Rf7 38. Nxb6 Qd8 39. Qxa5 Rb7 40. Qa8 Rb8 41. Qa5
Rxb6 42. Ra1 Qb8 43. Qc3 g5 44. g4 Rh3 {White resigns} 0-1

[Event "Team 45 45 League T70"]
[Site "Internet Chess Club"]
[Date "2016.09.15"]
[Round "2"]
[White "backrankbrawler"]
[Black "THE-WARRIOR"]
[Result "1-0"]
[WhiteElo "1748"]
[BlackElo "1645"]
[Opening "QGD: exchange, positional line"]
[ECO "D35"]
[Time "21:30:45"]
[TimeControl "2700+45"]

1. d4 d5 2. c4 e6 3. Nc3 Nf6 4. cxd5 exd5 5. Bg5 Be7 6. e3 c6 7. Bd3 Be6 8. Qc2
Nbd7 9. Nge2 Rc8 10. O-O h6 11. Bf4 Nh5 12. Rab1 Ndf6 13. b4 b5 14. f3 O-O 15.
Be5 Nd7 16. Bg3 Nxg3 17. Nxg3 Nb6 18. Nce2 Nc4 19. Bxc4 bxc4 20. Nc3 Rb8 21. Qa4
Qd7 22. Nge2 Bd6 23. e4 Rb7 24. b5 cxb5 25. Rxb5 Rxb5 26. Qxb5 dxe4 27. fxe4 Rb8
28. Qxd7 Bxd7 29. e5 Bc7 30. Rb1 Rxb1+ 31. Nxb1 Bf5 32. Nbc3 Bd3 33. Kf2 Kf8 34.
Nf4 Bf5 35. Kf3 Bb6 36. Ke3 Ke8 37. Nfd5 Bd8 38. Nb5 Bg5+ 39. Kf3 Kd7 40. Nxa7
Bd3 41. Nb5 Kc6 42. Nbc3 Bg6 43. g3 Bf5 44. h4 Bd8 45. Ke3 Bh3 46. Nf4 Bf5 47.
Kf3 Ba5 48. Nfd5 Be6 49. Ke4 Bh3 50. Ke3 Bg2 51. Nf4 Bh1 52. d5+ Kc5 53. Ne4+
Bxe4 54. Kxe4 Kb4 55. e6 fxe6 56. dxe6 Bd8 57. e7 Bxe7 58. Nd5+ Ka3 59. Nxe7
Kxa2 60. Kd4 Kb3 61. Nd5 g6 62. g4 g5 63. h5 c3 64. Nxc3 Kb4 65. Ne4 Kb3 66. Ng3
Kc2 67. Nf5 {Black resigns} 1-0

[Event "Team 45 45 League T70"]
[Site "Internet Chess Club"]
[Date "2016.09.14"]
[Round "2"]
[White "timothysmall56"]
[Black "tightfist"]
[Result "1/2-1/2"]
[WhiteElo "1744"]
[BlackElo "1545"]
[Opening "French: exchange variation"]
[ECO "C01"]
[Time "21:11:38"]
[TimeControl "2700+45"]

1. e4 e6 2. d4 d5 3. exd5 exd5 4. c4 Be7 5. Nc3 Nf6 6. Bg5 c6 7. cxd5 Nxd5 8.
Bxe7 Qxe7+ 9. Qe2 Nxc3 10. Qxe7+ Kxe7 11. bxc3 Be6 12. Nf3 f6 13. Bd3 Nd7 14.
O-O Nb6 15. Rfe1 Kf7 16. a3 Nc4 17. Bxc4 Bxc4 18. Nd2 Bd3 19. Re3 Bf5 20. Nc4
Rad8 21. Rae1 Rd7 22. f3 h5 23. h3 h4 24. f4 Rg8 25. Kf2 Rgd8 26. Nd2 c5 27. Nf3
cxd4 28. Nxd4 Bg6 29. Nf3 Rh8 30. Nd4 Bh5 31. Nf3 Bxf3 32. Kxf3 f5 33. Re5 Rd3+
34. R1e3 Rxe3+ 35. Kxe3 g6 36. Kd4 Rd8+ 37. Rd5 Re8 38. Rd7+ Re7 39. Rxe7+ Kxe7
40. Kd5 Kd7 41. a4 b6 42. c4 a6 43. c5 b5 44. axb5 axb5 45. c6+ Kc7 46. Kc5 b4
47. Kxb4 Kxc6 48. Kc4 Kd6 49. Kd4 Ke6 50. Kc5 Kf6 51. Kd5 Kf7 52. Ke5 Ke7 53.
Kd5 Kd7 54. Ke5 Ke7 {Game drawn by mutual agreement} 1/2-1/2